 Dungeon Crawl Stone Soup version 0.25-a0-869-g05d4e06a41 (webtiles) character file.

Game seed: 16932578442901383235, levelgen mode: deterministic

77 Flugkiller the Vexing (level 4, -2/25 HPs)
             Began as a Kobold Arcane Marksman on Apr 30, 2020.
             Killed from afar by an orc wizard (7 damage)
             ... with a magic dart
             ... on level 3 of the Dungeon.
             The game lasted 00:09:30 (4830 turns).

Flugkiller the Vexing (Kobold Arcane Marksman)      Turns: 4830, Time: 00:09:32

Health: -2/25      AC:  3    Str:  7    XL:     4   Next: 60%
Magic:  4/7        EV: 15    Int: 14    God:
Gold:   122        SH:  0    Dex: 16    Spells: 1/7 levels left

rFire    . . .     SeeInvis .   b - +0 short sword
rCold    . . .     Gourm    .   (shield restricted)
rNeg     . . .     Faith    .   e - +0 robe
rPois    .         Spirit   .   (no helmet)
rElec    .         Reflect  .   (no cloak)
rCorr    .         Harm     .   (no gloves)
MR       .....                  c - +0 pair of boots
Stlth    +.........             (no amulet)
HPRegen  0.08/turn              (no ring)
MPRegen  0.10/turn              (no ring)

@: no status effects
A: small, carnivore
a: no special abilities


You were on level 3 of the Dungeon.
You were not hungry.

You visited 1 branch of the dungeon, and saw 3 of its levels.

You collected 122 gold pieces.

Inventory:

Hand Weapons
 a - a +0 hand crossbow
 b - a +0 short sword (weapon)
   (You took it off a kobold on level 3 of the Dungeon)
Missiles
 d - 12 bolts
 s - 11 poisoned darts (quivered)
Armour
 c - a +0 pair of boots (worn)
   (You found it on level 1 of the Dungeon)
 e - a +0 robe (worn)
Wands
 p - a wand of disintegration (19)
   (You found it on level 2 of the Dungeon)
Scrolls
 g - a scroll of enchant armour
 i - a scroll of identify
 o - a scroll of fog {unknown}
 q - a scroll of random uselessness {unknown}
Potions
 j - a potion of haste
 l - a potion of magic
 n - a potion of brilliance
Comestibles
 f - 2 rations


   Skills:
 - Level 1.1 Fighting
 - Level 2.4 Crossbows
 - Level 2.4 Dodging
 - Level 2.0 Spellcasting
 * Level 4.7 Hexes


You had one spell level left.
You knew the following spells:

 Your Spells              Type           Power        Failure   Level  Hunger
a - Corona                Hex            ##.....      3%          1    ##.....
b - Slow                  Hex            ##......     5%          2    ###....
c - Confusing Touch       Hex            ##......     11%         3    ####...

Your spell library contained the following spells:

 Spells                   Type           Power        Failure   Level  Hunger
 Inner Flame              Hex/Fire       #.......     26%         3    ####...
 Portal Projectile        Hex/Tloc       #.....       26%         3    ####...
 Cause Fear               Hex            ##........   34%         4    #####..
 Gell's Gravitas          Tloc           #.........   56%         3    ####...
 Leda's Liquefaction      Hex/Erth       #.........   65%         4    #####..
 Petrify                  Tmut/Erth      #.......     93%         4    #####..
 Metabolic Englaciation   Hex/Ice        #.........   94%         5    ######.
 Yara's Violent Unravell  Hex/Tmut       #.........   94%         5    ######.


Dungeon Overview and Level Annotations

Branches:
Dungeon (3/15)

Altars:

Annotations:
D:3 exclusion: adder


Innate Abilities, Weirdness & Mutations

You are small and have problems with some larger weapons.
You are carnivorous and can eat meat at any time.


Message History

Unknown command.
You hit the orc wizard but do no damage.
The orc wizard is moderately wounded.
The orc wizard zaps a wand.
The orc wizard creates a blast of freezing vapour!
Unknown command.
The orc wizard hits you but does no damage.
Unknown command.
You hit the orc wizard.
The orc wizard is moderately wounded.
The orc wizard barely misses you.
Unknown command.
You barely miss the orc wizard.
The orc wizard is moderately wounded.
The orc wizard misses you.
Press: ? - help, v - describe, . - travel
Here: an orc wizard, wielding a +0 club, wearing a +0 robe and carrying a wand of clouds (1) (moderately wounded, fast+slow)
The floor, spattered with blood.
Unknown command.
Unknown command.
Okay, then.
Unknown command.
As you read the scroll of fear, it crumbles to dust.
You assume a fearsome visage.
The orc wizard looks frightened!
The orc wizard casts a spell.
The orc wizard flickers and vanishes!
Deactivating autopickup; reactivate with Ctrl-A.
Unknown command.
Unknown command.
Unknown command.
Something hits you but does no damage. Something hits you.
* * * LOW HITPOINT WARNING * * *
Something hits you.
* * * LOW HITPOINT WARNING * * *
Unknown command.
It was a potion of curing.
You feel better. Something hits you.
* * * LOW HITPOINT WARNING * * *
Unknown command.
Unknown command.
Unknown command.
Unknown command.
Something barely misses you.
Unknown command.
You closely miss something.
You hear some strange, mumbled words.
A magic dart appears from out of thin air!
The magic dart hits you!
You die...

#.####.....######.#.####.##....
#..)........# #.#.##....#....
#####..####.# #.#.##.####....
#..# #.# #.#.##.# ##... #..#
#.# #.#.##.# #..# #.# #.#.##.#
#..# #.# #.#.##.########
#..####.#####§#.##.........
#..#.☼..#.@...#.###########
#.^#.#..<.{§○§#............
#..#.####§.°○##############
#....#...○§..☼.............
#.####.###################.
#.####.#.......###########.
#..........................
######.##.####+############
#.#....#..............


There were no monsters in sight!

Vanquished Creatures
  2 adders (D:3)
  An ooze (D:1)
  A worm (D:3)
  2 dart slugs
  2 leopard geckos
  2 orcs
  4 giant cockroaches
  4 goblins
  4 hobgoblins
  4 jackals (D:2)
  A quokka (D:2)
  4 bats
  10 kobolds
  A rat (D:2)
42 creatures vanquished.

Notes
Turn   | Place    | Note
-------+----------+-------------------------------------------
     0 | D:1      | Flugkiller the Kobold Arcane Marksman began the quest for
                  | the Orb.
     0 | D:1      | Reached XP level 1. HP: 12/12 MP: 2/2
   223 | D:1      | Reached XP level 2. HP: 14/16 MP: 4/4
   744 | D:1      | Reached XP level 3. HP: 16/20 MP: 5/5
   810 | D:1      | Learned a level 2 spell: Slow
  1546 | D:2      | Reached skill level 4 in Hexes
  3142 | D:3      | HP: 1/20 [poisoned by an adder]
  3143 | D:3      | Reached XP level 4. HP: 2/25 MP: 2/7
  3716 | D:3      | Learned a level 3 spell: Confusing Touch
  4830 | D:3      | Killed from afar by an orc wizard

Levels and vault maps discovered:
D:1:      beargit_arrival_greenhouse, layout_rooms, minmay_distorted
D:2:      layout_basic
D:3:      layout_basic, first_ration

Skill      XL: |  1  2  3 |
---------------+----------+-----
Spellcasting   | 2 |  2.0
Hexes          | 4 |  4.7
Fighting       | |  1.1
Crossbows      | |  2.4
Dodging        | |  2.4

Action                   |  1- 3 |  4- 6 || total
-------------------------+-------+-------++-------
Melee: Dagger            |   226 |    25 ||   251
       Trident           |    14 |    28 ||    42
       Short sword       |       |    33 ||    33
 Fire: Hand crossbow     |    46 |     2 ||    48
 Cast: Corona            |    20 |     6 ||    26
       Slow              |    16 |     9 ||    25
       Confusing Touch   |       |     1 ||     1
  Use: Scroll            |     5 |     5 ||    10
       Potion            |     2 |     1 ||     3
 Stab: Sleeping          |     1 |       ||     1
  Eat: Chunk             |    11 |     6 ||    17
       Ration            |       |     1 ||     1
Armor: Robe              |    41 |    15 ||    56
Dodge: Dodged            |   234 |    53 ||   287

Table legend:
 A = Non-vault XP
 B = Vault XP
 C = Vault XP percentage of total XP
 D = Non-vault monster count
 E = Vault monster count
 F = Vault count percentage of total count
                 A         B        C        D         E       F
            +---------+---------+-------+---------+---------+-------
      Total |     103 |       8 |   7.2 |      40 |       2 |   4.8
            +---------+---------+-------+---------+---------+-------
        D:1 |      22 |       8 |  26.7 |      12 |       2 |  14.3
        D:2 |      33 |       0 |   0.0 |      18 |       0 |   0.0
        D:3 |      48 |       0 |   0.0 |      10 |       0 |   0.0
            +---------+---------+-------+---------+---------+-------
